 Dungeon Crawl Stone Soup version 0.17.0-1-g61d176b (webtiles) character file.

48101863 4thArraOfDagon the Hoplite (level 27, 330/330 (332) HPs)
             Began as a Troll Hunter on Nov 7, 2015.
             Was the Champion of Cheibriados.
             Escaped with the Orb
             ... and 15 runes!
             The game lasted 05:40:57 (30179 turns).

4thArraOfDagon the Hoplite (Troll Hunter)          Turns: 30179, Time: 05:40:57

HP:   330/330 (332) AC: 31    Str: 42    XL:     27
MP:   17/34         EV: 24    Int: 38    God:    Cheibriados [******]
Gold: 464           SH: 41    Dex: 31    Spells: 11 memorised, 13 levels left

rFire  + . .     SeeInvis +       - Unarmed
rCold  + . .     Clarity  +     (armour currently unavailable)
rNeg   + + +     SustAt   .     h - +12 large shield "Okonka" {+Blink rElec rC+ SInv}
rPois  ∞         Gourm    +     J - +0 hat of Paranoia {+Fly rN++ Regen+ Dex+2}
rElec  +         Spirit   .     k - +5 cloak "Fafity" {Str-3 Dex+6 SInv Stlth+}
rCorr  .         Warding  .     (gloves unavailable)
rMut   .         Stasis   .     (boots unavailable)
MR     +++++                    o - amulet of the Four Winds {Clar rN+ MR+++}
Stlth  ++........               m - ring of Shadows {Umbra +Inv rN+ SInv}
                                H - ring of the Hare {+Blink rF+ MR+ Int+7}

@: statue-form (expiring), wreathed by umbra, very slow, almost entirely
resistant to hostile enchantments, unstealthy
A: unfitting armour, claws 3, blink, fast metabolism 3, gourmand, low mp 1,
regeneration 2, (shaggy fur 0), (tough skin 0)
a: End Transformation, Blink, Bend Time, Temporal Distortion, Slouch, Step From
Time, Renounce Religion, Evoke Blink, Evoke Invisibility, Evoke Flight
0: Orb of Zot
}: 15/15 runes: decaying, serpentine, slimy, silver, golden, iron, obsidian,
icy, bone, abyssal, demonic, glowing, magical, fiery, dark


You escaped.
You worshipped Cheibriados.
Cheibriados was exalted by your worship.
You were not hungry.
You were a stone statue.
You visited 17 branches of the dungeon, and saw 94 of its levels.
You visited Pandemonium 2 times, and saw 30 of its levels.
You visited the Abyss 3 times.
You visited 2 ziggurats, and saw 21 of their levels (deepest: 17).
You also visited: Bailey, Ice Cave and Wizlab.

You collected 6688 gold pieces.
You spent 6224 gold pieces at shops.

Inventory:

Missiles
 a - 53 large rocks (quivered)
 b - 7 throwing nets
Armour
 h - the +12 large shield "Okonka" (worn) {+Blink rElec rC+ SInv}
   (You found it on level 8 of the Lair of Beasts)

   It protects you from cold.
   It insulates you from electricity.
   It lets you see invisible.
   It lets you blink.
 k - the +5 cloak "Fafity" (worn) {Str-3 Dex+6 SInv Stlth+}
   (You acquired it on level 2 of the Snake Pit)

   It affects your strength (-3).
   It affects your dexterity (+6).
   It lets you see invisible.
   It makes you more stealthy.
 C - the +9 storm dragon armour of the Onion (melded) {rElec rN+ Regen+}
   (You found it on level 6 of the Pits of Slime)

   It insulates you from electricity.
   It protects you from negative energy.
   It increases your rate of regeneration.
 J - the +0 hat of Paranoia (worn) {+Fly rN++ Regen+ Dex+2}
   (You bought it in a shop on level 1 of the Depths)

   It affects your dexterity (+2).
   It greatly protects you from negative energy.
   It lets you fly.
   It increases your rate of regeneration.
Magical Staves
 F - an uncursed staff of energy
Jewellery
 m - the ring of Shadows (right claw) {Umbra +Inv rN+ SInv}
   (You found it on level 7 of Gehenna)

   [ring of invisibility]

   It protects you from negative energy.
   It lets you see invisible.
   It lets you turn invisible.
 o - the amulet of the Four Winds (around neck) {Clar rN+ MR+++}
   (You found it on level 9 of a ziggurat)

   [amulet of clarity]

   It provides mental clarity.
   It protects you from negative energy.
   It affects your resistance to hostile enchantments.
 q - an uncursed ring of teleportation
 r - an uncursed amulet of resist corrosion
 s - an uncursed amulet of stasis
 t - the ring of the Locust {Str+3 Int+4 Stlth+}
   (You found it on level 6 of the Pits of Slime)

   [ring of stealth]

   It affects your strength (+3).
   It affects your intelligence (+4).
   It makes you more stealthy.
 B - an uncursed ring of flight
 H - the ring of the Hare (left claw) {+Blink rF+ MR+ Int+7}
   (You took it off an orc on level 5 of the Vaults)

   [ring of protection from fire]

   It affects your intelligence (+7).
   It protects you from fire.
   It affects your resistance to hostile enchantments.
   It lets you blink.
 I - the ring "Rivviete" {rC+ SInv}
   (You took it off a deep elf demonologist on level 3 of the Elven Halls)

   [ring of protection from cold]

   It protects you from cold.
   It lets you see invisible.
 K - an uncursed ring of protection from fire
 M - the ring of Attitude {Wiz +Inv rPois rC- Int+2}
   (You found it on level 2 of a ziggurat)

   [ring of wizardry]

   It improves your spell success rate.
   It affects your intelligence (+2).
   It makes you vulnerable to cold.
   It protects you from poison.
   It lets you turn invisible.
 Q - an uncursed amulet of regeneration
 V - the ring "Seomivih" {rElec rC+ MP+9}
   (You took it off a yaktaur captain on level 5 of the Vaults)

   [ring of protection from cold]

   It protects you from cold.
   It insulates you from electricity.
   It affects your magic capacity (+9).
Wands
 p - a wand of teleportation (7)
 O - a wand of disintegration (2)
Scrolls
 i - 5 scrolls of recharging
 j - 4 scrolls of blinking
 y - 4 scrolls of silence
 A - 4 scrolls of fear
 R - a scroll of summoning
 S - 14 scrolls of remove curse
 X - 9 scrolls of fog
Potions
 c - 3 potions of ambrosia
 d - 10 potions of magic
 g - 4 potions of might
 l - a potion of brilliance
 u - 4 potions of flight
 v - 2 potions of invisibility
 E - 2 potions of resistance
 G - 3 potions of cancellation
 L - 4 potions of agility
 N - 6 potions of lignification
 T - 5 potions of cure mutation
 Y - 15 potions of curing
 Z - 6 potions of heal wounds
Miscellaneous
 n - a fan of gales
 w - a lamp of fire
 z - a phantom mirror
 D - an ornate deck of summoning {the Crusade, drawn: 2}
 U - a phial of floods
Comestibles
 e - 27 bread rations
 f - 13 meat rations


   Skills:
 - Level 12.0 Fighting
 - Level 3.6 Throwing
 - Level 12.0 Armour
 - Level 12.0 Dodging
 * Level 5.6 Stealth
 - Level 21.0 Shields
 - Level 20.0 Unarmed Combat
 - Level 12.0 Spellcasting
 - Level 16.5 Charms
 - Level 19.0 Necromancy
 - Level 10.8 Translocations
 - Level 8.6 Transmutations
 - Level 11.0 Earth Magic
 - Level 9.0 Invocations
 - Level 10.1 Evocations


You had 13 spell levels left.
You knew the following spells:

 Your Spells              Type           Power        Failure   Level  Hunger
a - Conjure Flame         Conj/Fire      ###.....     6%          3    None
b - Statue Form           Trmt/Erth      #######..    6%          6    ###....
c - Stoneskin             Trmt/Erth      #######.     1%          2    None
d - Apportation           Tloc           #######...   1%          1    None
e - Blink                 Tloc           N/A          1%          2    None
f - Repel Missiles        Chrm/Air       ######       1%          2    None
g - Animate Skeleton      Necr           N/A          0%          1    None
h - Regeneration          Chrm/Necr      ########..   0%          3    None
i - Passage of Golubria   Tloc           N/A          1%          4    None
j - Death's Door          Chrm/Necr      ########..   10%         8    ######.
k - Phase Shift           Tloc           #######...   1%          5    None


Dungeon Overview and Level Annotations

Branches:
Dungeon (15/15)            Temple (0/1) D:5            Lair (8/8) D:8
  Swamp (4/4) Lair:4        Snake (4/4) Lair:4        Slime (6/6) Lair:8
    Orc (4/4) D:9             Elf (3/3) Orc:3        Vaults (5/5) D:13
  Crypt (3/3) Vaults:2       Tomb (3/3) Crypt:3      Depths (5/5) D:15
   Hell (1/1)                 Dis (7/7) Hell            Geh (7/7) Hell
    Coc (7/7) Hell            Tar (7/7) Hell            Zot (5/5) Depths:5

Altars:
Ashenzari
Cheibriados
Dithmenos
Elyvilon
Fedhas
Kikubaaqudgha
Makhleb
Nemelex Xobeh
Ru
Sif Muna
Trog
Vehumet
Xom
Yredelemnul
The Shining One
Beogh
Jiyva

Shops:
D:5 *   D:9 :   D:13 [   D:15 :   Orc:1 *   Orc:3 ?   Orc:4 :*}:   Elf:2 %
Elf:3 [   Vaults:2 [   Vaults:5 ??%?!!!%   Depths:1 *

Portals:
Hell: Lair:8 Depths:2
Pandemonium: Depths:2
Trove: Vaults:3 (give 6 potions of haste)

Annotations:
D:12 Kirke
Lair:8 exclusion: oklob plant
Swamp:4 exclusion: oklob plant
Depths:1 exclusion: 2 ice statues
Depths:5 6 runed doors
Hell exclusion: ice statue
Coc:7 exclusion: 2 ice statues, Antaeus


Innate Abilities, Weirdness & Mutations

You are too large for most types of armour.
You have claws for hands.
Your metabolism is lightning-fast.
You like to eat raw meat.
You heal very quickly.
((You are covered in fur (AC +1).))
((You have very tough skin (AC +2).))
You can translocate small distances at will.
Your magical capacity is low (-10% MP).


Message History

You can't go down here!
You enter the passage of Golubria.
There is a passage of Golubria here.
You enter the passage of Golubria.
Casting: Passage of Golubria
Confirm with . or Enter, or press ? or * to list all spells.
Aiming: Passage of Golubria
Press: ? - help, Dir - move target cursor You enter the passage of Golubria.
An Orb Guardian comes into view.
You enter the passage of Golubria.
You enter the passage of Golubria.
Evoke which item? (* to show all) (? for menu, Esc to quit)
Zapping:
O - a wand of disintegration (3)
Press: ? - help, Shift-Dir - straight line The rock wall explodes into countless fragments.
This wand has 2 charges left.
Your transformation is almost over.
There is a staircase leading out of the dungeon here.
You have escaped!

##.......#
#####...#
#...#
####...# ###
#....^.#
..##......#
#.#.##...#
#...##...#
#.8..#...#
#...#'...#
#.8####'...#
#.# .###.#
## .# .# ##
##


There were no monsters in sight!

Vanquished Creatures
  Asmodeus (Geh:7)
  the royal jelly (Slime:6)
  Ereshkigal (Tar:7)
  Gloorx Vloq (Pan)
  Dispater (Dis:7)
  6 ancient liches
  2 orbs of fire (Zot:5)
  Mennas (Vaults:3)
  3 juggernauts
  8 greater mummies
  3 shard shrikes
  Saint Roka (Vaults:4)
  2 curse toes
  5 Killer Klowns
  16 pandemonium lords
  Geryon (Hell)
  4 golden dragons
  A profane servitor (Zig:8)
  Xtahua (Vaults:5)
  6 bone dragons
  An electric golem (Zot:5)
  6 Brimstone Fiends
  16 Ice Fiends
  7 Hell Sentinels
  18 Orb Guardians (Zot:5)
  6 tentacled monstrosities
  3 liches
  9 titans
  4 quicksilver dragons
  8 acid blobs
  3 deep elf blademasters
  18 Executioners
  2 deep elf master archers (Elf:3)
  12 Shadow Fiends
  Murray (Hell)
  7 sphinxes
  An eldritch tentacle (Zig:10)
  13 ancient champions
  2 death cobs (Zot:1)
  6 storm dragons
  4 tengu reavers
  An azure jelly (shapeshifter) (Zig:12)
  Roxanne (D:14)
  4 shadow dragons
  13 azure jellies
  3 daevas (Pan)
  11 revenants
  10 corrupters (Pan)
  9 greater nagas
  11 frost giants
  7 deep elf sorcerers
  Maud (Lair:8)
  2 draconian knights
  13 fire giants
  24 balrugs
  A caustic shrike zombie (Zig:15)
  A draconian zealot (Zot:5)
  2 draconian scorchers (Depths:5)
  11 cacodemons
  2 angels (Pan)
  4 orc warlords
  7 curse skulls
  3 iron dragons
  3 ghouls (Crypt:3)
  13 vault wardens
  A juggernaut zombie (Zig:15)
  7 warmongers (Pan)
  4 war gargoyles
  8 very ugly things
  4 ironheart preservers
  20 stone giants
  A caustic shrike skeleton (Zig:15)
  3 ophanim (Pan)
  30 reapers
  A draconian caller (Zot:5)
  An apis (Pan)
  A green draconian (Depths:5)
  6 salamander firebrands
  3 blood saints
  2 bennus (Tomb:2)
  2 mottled draconians (Depths:5)
  12 deep elf demonologists
  5 lorocyprocas
  2 black draconians
  5 white draconians
  Azrael (D:14)
  A purple draconian (Depths:5)
  5 deep elf annihilators
  4 salamander stormcallers
  6 vampire knights
  7 black suns
  9 chaos champions
  A red draconian (Zot:5)
  13 green deaths
  2 eidola (Crypt:1)
  Snorg (D:14)
  18 yaktaur captains
  26 vault guards
  15 ettins
  23 blizzard demons
  22 mummy priests
  5 entropy weavers
  10 deep elf death magi
  3 death oozes (Slime:6)
  10 fire dragons
  Josephine (Orc:2)
  8 jiangshi
  4 deep elf high priests
  9 great orbs of eyes
  12 rakshasas
  17 hydras
  A quicksilver dragon skeleton (Pan)
  20 ice dragons
  9 naga warriors
  9 hell beasts (Pan)
  An ice dragon (shapeshifter) (Zig:12)
  12 monstrous demonspawn (Pan)
  A spriggan air mage (Depths:2)
  6 centaur warriors
  2 death knights (Crypt:3)
  3 ghost crabs
  11 ogre magi
  7 anacondas
  9 alligators
  25 large abominations
  An anaconda (shapeshifter) (Depths:2)
  2 death yaks (shapeshifter)
  13 death yaks
  5 deep troll shamans
  17 naga sharpshooters
  6 tengu warriors
  7 deep troll earth magi
  A dancing weapon (Dis:7)
  3 spriggan berserkers
  A shock serpent (Snake:2)
  3 titan zombies
  8 hell hogs
  39 sun demons
  6 orc high priests
  Sonja (D:14)
  5 storm dragon zombies
  2 iron golems
  3 vampire magi
  8 deep elf knights
  6 shadow wraiths
  A wretched star (Abyss:2)
  16 soul eaters
  9 spatial maelstroms (Abyss:4)
  A storm dragon skeleton (Coc:7)
  18 hell knights
  35 ice devils
  3 sea snakes (Snake:1)
  36 death scarabs
  3 iron trolls (Hell)
  A salamander mystic (Geh:7)
  52 skeletal warriors
  A death drake (Zig:15)
  10 gelid demonspawn (Pan)
  The ghost of Kolbur the Spear-Bearer, a novice MfIE of Makhleb (D:9)
  9 flayed ghosts
  A ghost moth zombie (Geh:7)
  2 anaconda zombies
  23 anubis guards
  6 infernal demonspawn (Pan)
  3 spriggan druids
  15 deep trolls
  3 golden dragon zombies
  5 swamp dragons (Zig:16)
  13 naga ritualists
  An unseen horror (D:15)
  6 shambling mangroves
  2 deep elf summoners
  3 giant orange brains
  2 spectral hydras (Swamp:4)
  A golden dragon skeleton (Zig:15)
  10 phantasmal warriors
  An orange crystal statue (Zig:6)
  18 shadow demons
  Pikel (D:5)
  A lindwurm (shapeshifter) (D:15)
  13 torturous demonspawn
  A harpy (shapeshifter) (D:15)
  6 ironbrand convokers
  7 wizards
  A wolf spider zombie (Coc:7)
  5 hill giants
  A tengu zombie (Zig:14)
  4 anaconda skeletons
  4 mana vipers
  9 putrid demonspawn
  5 orc sorcerers
  4 shadow dragon zombies
  5 deep elf conjurers
  An iron dragon zombie (Zig:14)
  6 orc knights
  3 fire giant zombies
  3 frost giant zombies
  5 griffons
  3 oklob plants (Zig:7)
  9 necromancers
  18 sixfirhies
  4 stone giant zombies
  5 hornets (Zig:16)
  A cyclops (shapeshifter) (Vaults:5)
  A wolf spider (Vaults:4)
  A sphinx skeleton (Zig:15)
  7 salamanders
  A tengu skeleton (Zig:14)
  A worldbinder (Abyss:2)
  A guardian serpent (shapeshifter) (Elf:3)
  13 moths of wrath
  2 shadow dragon skeletons
  2 manticores
  A salamander (shapeshifter) (Depths:2)
  4 shining eyes
  17 ugly things
  18 elephants
  3 iron dragon skeletons
  2 centaur zombies
  6 cyclopes
  2 dire elephant zombies
  26 naga magi
  4 guardian serpents
  5 vault sentinels
  2 frost giant skeletons
  3 fire giant skeletons
  3 stone giant skeletons
  26 black mambas
  18 orange demons (Pan)
  An ice statue (IceCv)
  A black mamba (shapeshifter) (D:15)
  34 smoke demons
  3 apocalypse crabs (Zig:12)
  2 eyes of devastation (Slime:6)
  17 rust devils
  3 molten gargoyles (Geh:7)
  A torpor snail (Lair:3)
  2 emperor scorpion zombies
  A storm dragon simulacrum (Vaults:2)
  A gargoyle (D:13)
  A spriggan skeleton (Zig:15)
  A grey draconian zombie (Crypt:2)
  6 komodo dragons
  11 hellions
  A yaktaur (shapeshifter) (Vaults:2)
  A kobold demonologist (Vaults:3)
  22 yaktaurs
  8 demonic crawlers (Pan)
  18 hellwings
  4 efreet (Pan)
  2 fire drakes
  16 spiny frogs
  A golden dragon simulacrum (IceCv)
  3 swamp worm zombies (Swamp:4)
  2 anaconda simulacra (IceCv)
  40 guardian mummies
  A jumping spider (shapeshifter) (D:15)
  26 freezing wraiths
  A human skeleton (Vaults:2)
  9 red devils
  A tengu conjurer (Depths:3)
  A queen bee (shapeshifter) (Vaults:4)
  15 tormentors
  2 harpy zombies
  A minotaur zombie (Crypt:3)
  A white draconian skeleton (Crypt:1)
  8 trolls
  2 deep elf priests
  A fire drake (shapeshifter) (Depths:2)
  7 hydra zombies
  A raiju (shapeshifter) (Depths:1)
  A wolf spider simulacrum (IceCv)
  A giant leech (shapeshifter) (Depths:2)
  4 giant leeches
  3 polar bears
  15 blue devils
  A queen bee (Lair:3)
  3 spectral swamp dragons (Swamp:4)
  63 slime creatures
  Prince Ribbit (D:6)
  2 polar bears (shapeshifter) (Depths:2)
  3 hydra skeletons
  4 boulder beetles
  9 ushabtiu
  10 two-headed ogres
  A fire giant simulacrum (Tomb:3)
  A raiju (Abyss:2)
  A fire dragon zombie (Coc:7)
  2 harpy skeletons
  16 blink frogs
  3 bog bodies (Swamp:4)
  4 ettin zombies
  4 ice dragon zombies
  A trapdoor spider zombie (D:10)
  19 ynoxinuls
  5 alligator zombies
  54 flying skulls
  An alligator skeleton (Geh:1)
  6 starcursed masses (Abyss:2)
  5 water elementals
  3 hogs
  Sigmund (D:6)
  17 deep elf fighters
  17 shadows
  A tarantella (shapeshifter) (Zig:12)
  A dire elephant simulacrum (IceCv)
  7 fire elementals
  3 redbacks
  An ice dragon skeleton (Tomb:3)
  15 deep elf magi
  3 ettin skeletons
  6 vampires
  A spriggan (shapeshifter) (D:13)
  20 wraiths
  A wyvern (D:12)
  58 yaks
  A tarantella (Depths:1)
  6 golden eyes (Slime:6)
  2 basilisks
  A basilisk (shapeshifter) (Depths:1)
  19 humans (D:13)
  A steam dragon (D:15)
  6 hippogriffs
  2 hungry ghosts
  7 harpy simulacra (IceCv)
  A death yak simulacrum (IceCv)
  14 chaos spawn
  A soldier ant (D:15)
  6 wolves (Lair:3)
  12 wargs
  11 insubstantial wisps
  36 nagas
  A mottled dragon (D:12)
  14 spatial vortices (Abyss:4)
  8 swamp worms
  16 vampire mosquitoes
  23 water moccasins
  3 spiny frog zombies
  12 neqoxecs
  27 hell hounds
  A monstrous demonspawn skeleton (Crypt:2)
  3 slaves (D:5)
  2 porcupines
  4 swamp drakes
  7 wasps
  An infernal demonspawn skeleton (Crypt:2)
  A swamp drake (shapeshifter) (Depths:2)
  4 ice beasts
  45 orc warriors
  An alligator simulacrum (IceCv)
  11 necrophages
  3 spiny frog skeletons
  4 hydra simulacra (IceCv)
  11 phantoms
  3 sky beasts
  3 swamp dragon zombies (Swamp:4)
  7 boggarts
  A black bear (D:12)
  32 ogres
  6 eyes of draining
  2 swamp dragon skeletons
  A snapping turtle skeleton (Crypt:3)
  12 crocodiles
  11 centaurs
  A big kobold (D:6)
  A fire drake zombie (Crypt:1)
  14 giant frogs
  A gnoll sergeant (D:6)
  A human zombie (Vaults:2)
  3 scorpions
  A cyclops skeleton (Crypt:2)
  2 wyvern skeletons
  33 killer bees
  5 small abominations
  52 wights
  A quasit (D:11)
  5 electric eels
  3 crimson imps
  A giant frog zombie (D:10)
  2 gnoll shamans (D:6)
  18 jellies
  6 hounds
  2 giant frog skeletons
  6 centaur skeletons
  5 draconian simulacra (IceCv)
  5 iguanas
  3 iron imps
  41 orc priests
  13 worker ants
  6 hell rats (Hell)
  35 orc wizards
  Natasha (D:3)
  3 spriggan simulacra (IceCv)
  3 polar bear simulacra (IceCv)
  4 troll simulacra (IceCv)
  A sky beast zombie (Crypt:1)
  13 sheep
  A deep dwarf skeleton (Crypt:2)
  A demigod skeleton (Crypt:2)
  53 mummies
  3 hound skeletons
  23 river rats
  26 gnolls
  2 ogre simulacra (IceCv)
  A swamp drake zombie (Swamp:4)
  A steam dragon zombie (Crypt:2)
  3 naga simulacra (IceCv)
  5 shadow imps
  6 adders
  12 white imps
  9 ufetubi (IceCv)
  3 oozes
  An adder skeleton (D:5)
  An iguana zombie (Crypt:2)
  An adder zombie (D:6)
  2 worms
  2 giant geckos
  236 orcs
  A bat (D:1)
  4 giant cockroaches
  8 goblins
  16 hobgoblins
  22 kobolds
  5 quokkas
  3 ball pythons
  A giant gecko skeleton (D:4)
  A giant gecko zombie (D:7)
  4 giant newts
  A kobold zombie (Geh:7)
  An orc skeleton (Coc:7)
  An orc zombie (Crypt:1)
  2 rats
  3 crawling corpses
  A fungus (Lair:7)
  A plant (Lair:7)
3420 creatures vanquished.

Vanquished Creatures (collateral kills)
  A Hell Sentinel (Dis:7)
  An acid blob (Slime:6)
  A death ooze (Slime:6)
  A blizzard demon (Depths:1)
  An alligator (Zig:16)
  A death scarab (Tomb:3)
  An anubis guard (Tomb:1)
  A shining eye (Slime:6)
  A mana viper (Snake:2)
  An ice statue (Depths:1)
  A naga mage (Snake:2)
  A black mamba (Snake:2)
  2 orange demons (Lair:8)
  A yaktaur (Depths:1)
  2 red devils (Pan)
  A blue devil (Lair:8)
  A spectral swamp dragon (Swamp:4)
  An ettin zombie (Dis:7)
  A flying skull (Tomb:3)
  A water elemental (Hell)
  A fire elemental (Hell)
  A deep elf fighter (Vaults:3)
  A naga (Snake:4)
  A porcupine (Lair:5)
  An ice beast (Depths:1)
  A centaur (Vaults:3)
  2 mummies (Tomb:1)
  2 white imps (Depths:1)
  3 orcs (Vaults:3)
35 creatures vanquished.

Vanquished Creatures (others)
  A Killer Klown (Zig:17)
  2 sphinxes (shapeshifter) (Zig:17)
  An ancient champion (Tomb:2)
  5 very ugly things (Zig:17)
  A green death (Pan)
  A quicksilver dragon zombie (Geh:7)
  2 blizzard demons (Pan)
  A deep elf high priest (Vaults:5)
  A rakshasa (Pan)
  A spriggan air mage (Pan)
  An ice dragon (Zot:5)
  A shock serpent (shapeshifter) (Zig:17)
  A vampire mage (Depths:2)
  A small abomination (Vaults:5)
  15 death scarabs (Tomb:3)
  A phantasmal warrior (Swamp:4)
  A torturous demonspawn (Pan)
  A wizard (Pan)
  A fire giant zombie (Geh:7)
  A necromancer (Hell)
  An apocalypse crab (Zig:17)
  A naga mage (Snake:2)
  A guardian mummy (Tomb:2)
  A two-headed ogre (Vaults:5)
  A harpy zombie (Tomb:2)
  An ushabti (Zig:14)
  6 flying skulls
  A warg (Vaults:3)
  2 chaos spawn (Zig:17)
  2 insubstantial wisps (Swamp:4)
  A necrophage (Swamp:1)
  A manticore skeleton (Tomb:3)
  A centaur (shapeshifter) (Vaults:5)
  A phantom (Swamp:4)
  An ogre (Vaults:5)
  2 hell rats
  A quasit (D:2)
  2 mummies (Tomb:2)
  A swamp drake zombie (Swamp:4)
  A shadow imp (Tar:1)
  An ufetubus (IceCv)
  8 orcs
  A crawling corpse (Vaults:5)
  24 eldritch tentacle segments (Zig:10)
  2 fulminant prisms (Zig:17)
  4 fungi
  4 lost souls (Crypt:3)
  15 plants
  5 tentacles
  85 tentacle segments
218 creatures vanquished.

Grand Total: 3673 creatures vanquished

Notes
Turn   | Place    | Note
--------------------------------------------------------------
     0 | D:1      | 4thArraOfDagon the Troll Hunter began the quest for the Orb.
     0 | D:1      | Reached XP level 1. HP: 19/19 MP: 0/0
    80 | D:2      | Reached skill level 1 in Unarmed Combat
   115 | D:2      | Found a white marble altar of Elyvilon.
   116 | D:2      | Found a snail-covered altar of Cheibriados.
   144 | D:2      | Found a blossoming altar of Fedhas.
   170 | D:2      | Became a worshipper of Cheibriados the Contemplative
   215 | D:1      | Reached XP level 2. HP: 27/27 MP: 1/1
   358 | D:2      | Found a shattered altar of Ashenzari.
   422 | D:2      | Found a radiant altar of Vehumet.
   426 | D:2      | Found a sparkling altar of Nemelex Xobeh.
   426 | D:2      | Found a basalt altar of Yredelemnul.
   594 | D:3      | Reached * piety under Cheibriados
   635 | D:3      | Noticed Natasha
   645 | D:3      | Killed Natasha
   645 | D:3      | Reached XP level 3. HP: 10/35 MP: 2/2
   678 | D:3      | Found a faded altar to an unknown god.
   775 | D:3      | Noticed a phantom
   810 | D:3      | Killed a phantom
   810 | D:3      | Reached skill level 1 in Shields
   810 | D:3      | Reached skill level 1 in Invocations
   810 | D:3      | Reached XP level 4. HP: 39/42 MP: 3/3
   810 | D:3      | Reached XP level 5. HP: 45/49 MP: 4/4
   902 | D:4      | Found a sacrificial altar of Ru.
   902 | D:4      | Found a deep blue altar of Sif Muna.
   915 | D:5      | Entered Level 5 of the Dungeon
   915 | D:5      | Found Morim's Assorted Antiques.
   915 | D:5      | Noticed a centaur
   921 | D:5      | Killed a centaur
   950 | D:5      | Bought a scroll labeled OJASKYELON for 29 gold pieces
   950 | D:5      | Bought 2 sedimented green potions for 52 gold pieces
   950 | D:5      | Bought a scroll labeled ZUCERUSUAMN for 29 gold pieces
   950 | D:5      | Bought a sedimented green potion for 26 gold pieces
   956 | D:5      | Gained mutation: You are clumsy. (Dex -2) [potion of mutation]
   956 | D:5      | Gained mutation: You are weak. (Str -2) [potion of mutation]
   956 | D:5      | Gained mutation: You have a pair of small horns on your head. [potion of mutation]
   957 | D:5      | Gained mutation: You are dopey. (Int -2) [potion of mutation]
   957 | D:5      | Lost mutation: You are dopey. (Int -2) [potion of mutation]
   963 | D:5      | Found a staircase to the Ecumenical Temple.
   984 | D:4      | Gained mutation: You are partially covered in rough black scales (AC +4, Dex -1). [potion of mutation]
  1049 | D:4      | Reached XP level 6. HP: 59/59 MP: 6/6
  1054 | D:4      | Got a twisted dagger
  1104 | D:5      | Noticed a slave
  1104 | D:5      | Noticed a slave
  1108 | D:5      | Noticed Pikel
  1121 | D:5      | Killed a slave
  1133 | D:5      | Killed a slave
  1148 | D:5      | Reached ** piety under Cheibriados
  1148 | D:5      | Reached skill level 4 in Unarmed Combat
  1167 | D:5      | Found a deep blue altar of Sif Muna.
  1223 | D:5      | Noticed a slave
  1223 | D:5      | Noticed a slave
  1246 | D:5      | Killed Pikel
  1246 | D:5      | Reached skill level 5 in Unarmed Combat
  1246 | D:5      | Reached XP level 7. HP: 64/67 MP: 7/7
  1249 | D:5      | Killed a freed slave
  1445 | D:6      | Found a shimmering altar of Xom.
  1449 | D:6      | Reached XP level 8. HP: 75/75 MP: 9/9
  1550 | D:6      | Reached skill level 6 in Unarmed Combat
  1723 | D:6      | Reached *** piety under Cheibriados
  1923 | D:7      | Found a shadowy altar of Dithmenos.
  1944 | D:7      | Identified the +7 dagger of Defiance {flame, rPois rC- rN+++ Dex-5} (You found it on level 4 of the Dungeon)
  2020 | D:6      | Noticed Sigmund
  2035 | D:6      | Killed Sigmund
  2035 | D:6      | Reached XP level 9. HP: 78/84 MP: 9/11
  2040 | D:6      | Noticed Prince Ribbit
  2047 | D:6      | Killed Prince Ribbit
  2047 | D:6      | Reached skill level 7 in Unarmed Combat
  2133 | D:7      | Reached **** piety under Cheibriados
  2387 | D:8      | Found a staircase to the Lair.
  2565 | D:8      | Reached skill level 5 in Fighting
  2565 | D:8      | Reached skill level 8 in Unarmed Combat
  2730 | D:9      | Reached skill level 5 in Dodging
  2795 | D:9      | Noticed Kolbur's ghost (novice MfIE)
  2855 | D:8      | Reached ***** piety under Cheibriados
  2858 | D:8      | Reached skill level 5 in Invocations
  2906 | D:9      | Learned a level 2 spell: Cure Poison
  3003 | D:9      | Found Xiqol's Book Emporium.
  3011 | D:9      | :(
  3053 | D:9      | Reached XP level 10. HP: 76/96 MP: 12/12
  3057 | D:9      | Killed Kolbur's ghost
  3086 | D:9      | Found a staircase to the Orcish Mines.
  3096 | D:9      | Found a roughly hewn altar of Beogh.
  3201 | D:10     | Entered Level 10 of the Dungeon
  3288 | D:10     | Reached skill level 9 in Unarmed Combat
  3288 | D:10     | Reached skill level 5 in Shields
  3708 | D:12     | Found a glowing golden altar of the Shining One.
  3811 | D:12     | Noticed a hill giant
  3821 | D:12     | Killed a hill giant
  3821 | D:12     | Reached skill level 10 in Unarmed Combat
  3821 | D:12     | Reached XP level 11. HP: 95/106 MP: 14/14
  3844 | D:12     | Noticed a hill giant
  3849 | D:12     | Killed a hill giant
  3911 | D:13     | Found Muaxarghe's Armour Boutique.
  4032 | D:14     | Noticed Sonja
  4058 | D:14     | Noticed a hill giant
  4066 | D:13     | Killed a hill giant
  4084 | D:13     | Reached skill level 1 in Evocations
  4095 | D:14     | Reached ****** piety under Cheibriados
  4316 | D:13     | Noticed a wizard
  4339 | D:13     | Killed a wizard
  4344 | D:13     | Reached skill level 11 in Unarmed Combat
  4389 | D:13     | Found a gate to the Vaults.
  4389 | D:13     | Noticed a vault guard
  4389 | D:13     | Noticed a vault guard
  4404 | D:13     | Killed a vault guard
  4404 | D:13     | Reached XP level 12. HP: 108/118 MP: 16/16
  4438 | D:13     | Killed a vault guard
  4624 | D:12     | Noticed a red ugly thing
  4630 | D:13     | Killed a red ugly thing
  4718 | D:13     | Noticed a hill giant
  4721 | D:13     | Killed a hill giant
  4736 | D:12     | Noticed a skeletal warrior
  4751 | D:13     | Killed a skeletal warrior
  4771 | D:12     | Noticed a skeletal warrior
  4771 | D:12     | Noticed a skeletal warrior
  4777 | D:13     | Killed a skeletal warrior
  4795 | D:12     | Killed a skeletal warrior
  4829 | D:12     | Noticed Kirke
  4984 | D:14     | Reached skill level 12 in Unarmed Combat
  5024 | D:14     | Noticed Snorg
  5049 | D:14     | Killed Snorg
  5056 | D:14     | Noticed a centaur warrior
  5094 | D:14     | Killed a centaur warrior
  5129 | D:14     | Found a blossoming altar of Fedhas.
  5138 | D:15     | Entered Level 15 of the Dungeon
  5143 | D:15     | Noticed a five-headed hydra
  5190 | D:15     | Found Tuhymmen's Book Shoppe.
  5195 | D:15     | ehhh
  5225 | D:15     | Reached XP level 13. HP: 97/127 MP: 18/18
  5335 | D:14     | Noticed Roxanne
  5335 | D:14     | Noticed a rakshasa
  5367 | D:15     | Identified a scroll of acquirement
  5479 | D:15     | Lost mutation: You are clumsy. (Dex -2) [mutagenic meat]
  5480 | D:15     | Gained mutation: Scrolls take you a little longer to read. [mutagenic meat]
  5552 | D:14     | Noticed Azrael
  5685 | D:14     | Gained mutation: Your spells are a little easier to cast, but a little less powerful. [mutagenic meat]
  5686 | D:14     | Lost mutation: Scrolls take you a little longer to read. [mutagenic meat]
  5687 | D:14     | Gained mutation: Your mind is acute. (Int +2) [mutagenic meat]
  5747 | D:14     | Killed a rakshasa
  5785 | D:14     | Killed Sonja
  5822 | D:14     | Killed Roxanne
  5868 | D:14     | Learned a level 6 spell: Statue Form
  5871 | D:14     | Learned a level 2 spell: Stoneskin
  6033 | D:12     | Reached skill level 13 in Unarmed Combat
  6094 | D:11     | Reached skill level 1 in Earth Magic
  6155 | D:11     | Noticed a manticore
  6165 | D:11     | Killed a manticore
  6356 | D:11     | Noticed a hill giant
  6361 | D:11     | Killed a hill giant
  6361 | D:11     | Reached skill level 1 in Transmutations
  6561 | Orc:1    | Entered Level 1 of the Orcish Mines
  6563 | Orc:1    | Found Ucono's General Store.
  6576 | Orc:1    | Bought a scroll of teleportation for 45 gold pieces
  6576 | Orc:1    | Bought a potion of might for 60 gold pieces
  6576 | Orc:1    | Bought a scroll of identify for 30 gold pieces
  6576 | Orc:1    | Bought a scroll of identify for 30 gold pieces
  6675 | Orc:1    | Reached skill level 1 in Spellcasting
  6873 | Orc:2    | Noticed Josephine
  6884 | Orc:2    | Killed Josephine
  6968 | Orc:2    | Found a bloodstained altar of Trog.
  7009 | Orc:2    | Found a flagged portal.
  7021 | Bailey   | Entered a bailey
  7476 | Orc:3    | Found a staircase to the Elven Halls.
  7526 | Orc:4    | Entered Level 4 of the Orcish Mines
  7686 | Orc:4    | Noticed a stone giant
  7700 | Orc:4    | Killed a stone giant
  7775 | Orc:4    | Gained mutation: You can translocate small distances at will. [potion of beneficial mutation]
  7776 | Orc:4    | Gained mutation: You have sharp toenails. [potion of beneficial mutation]
  7864 | Orc:4    | Reached XP level 14. HP: 137/137 MP: 19/19
  7917 | Orc:4    | Found a roughly hewn altar of Beogh.
  8027 | Orc:4    | Found Citywne's Book Boutique.
  8039 | Orc:4    | Found Tet Woimn's General Store.
  8052 | Orc:4    | Bought a scroll of noise for 15 gold pieces
  8052 | Orc:4    | Bought a potion of curing for 45 gold pieces
  8065 | Orc:4    | Bought a book of Minor Magic for 260 gold pieces
  8065 | Orc:4    | Bought a book of Party Tricks for 650 gold pieces
  8067 | Orc:4    | Learned a level 1 spell: Apportation
  8070 | Orc:4    | Learned a level 2 spell: Blink
  8073 | Orc:4    | Learned a level 2 spell: Repel Missiles
  8081 | Orc:4    | Learned a level 3 spell: Conjure Flame
  8216 | Orc:4    | Noticed an orc warlord
  8228 | Orc:4    | Killed an orc warlord
  8275 | Orc:4    | Found a roughly hewn altar of Beogh.
  8321 | Orc:4    | Found Ycout's Gadget Shop.
  8397 | Orc:4    | Found Fiaff's Book Boutique.
  8409 | Orc:4    | Bought a book of Necromancy for 390 gold pieces
  8411 | Orc:4    | Learned a level 1 spell: Animate Skeleton
  8507 | Orc:3    | Found Sujama's Magic Scroll Shoppe.
  8640 | Orc:3    | Reached skill level 5 in Earth Magic
  8901 | Orc:3    | Bought 2 scrolls of identify for 44 gold pieces
  8901 | Orc:3    | Bought a scroll of identify for 22 gold pieces
  8901 | Orc:3    | Bought a scroll of fog for 22 gold pieces
  8901 | Orc:3    | Bought a scroll of teleportation for 33 gold pieces
  8901 | Orc:3    | Bought a scroll of teleportation for 33 gold pieces
  8901 | Orc:3    | Bought a scroll of identify for 22 gold pieces
  8964 | Elf:1    | Entered Level 1 of the Elven Halls
  9062 | Elf:2    | Found a magical portal.
  9082 | WizLab   | Entered Wucad Mu's Monastery
  9093 | WizLab   | Noticed a grey draconian monk
  9114 | WizLab   | Noticed a grey draconian monk
  9206 | Elf:2    | Noticed a deep elf sorcerer
  9238 | Elf:2    | Killed a deep elf sorcerer
  9252 | Elf:2    | Found Qisoaruck's Food Emporium.
  9339 | Elf:3    | Entered Level 3 of the Elven Halls
  9341 | Elf:3    | Found Zedan's Antique Armour Shop.
  9464 | Elf:3    | Found a frozen archway.
  9470 | IceCv    | Entered an ice cave
  9792 | IceCv    | Reached skill level 5 in Transmutations
 10232 | Elf:3    | Bought a faintly humming shield for 228 gold pieces
 10234 | Elf:3    | Identified the +1 shield of Yhatoeh {rC+} (You bought it in a shop on level 3 of the Elven Halls)
 10345 | Elf:3    | Noticed a deep elf blademaster
 10363 | Elf:3    | Killed a deep elf blademaster
 10363 | Elf:3    | Reached XP level 15. HP: 52/145 MP: 20/20
 10393 | Elf:3    | Learned a level 3 spell: Regeneration
 10457 | Elf:3    | Reached skill level 1 in Necromancy
 10466 | Elf:3    | Noticed a deep elf master archer
 10473 | Elf:3    | Killed a deep elf master archer
 10473 | Elf:3    | Reached skill level 1 in Charms
 10504 | Elf:3    | Noticed a deep elf master archer
 10507 | Elf:3    | Killed a deep elf master archer
 10560 | Elf:3    | Noticed a deep elf sorcerer
 10566 | Elf:3    | Killed a deep elf sorcerer
 10570 | Elf:3    | Noticed a deep elf blademaster
 10581 | Elf:3    | Killed a deep elf blademaster
 10609 | Elf:3    | Noticed a deep elf sorcerer
 10617 | Elf:3    | Killed a deep elf sorcerer
 10668 | Elf:3    | Got a clouded marble ring
 10670 | Elf:3    | Identified the ring "Rivviete" {rC+ SInv} (You took it off a deep elf demonologist on level 3 of the Elven Halls)
 10678 | Elf:3    | Noticed a deep elf sorcerer
 10687 | Elf:3    | Killed a deep elf sorcerer
 10747 | Elf:3    | Noticed a deep elf sorcerer
 10761 | Elf:3    | Killed a deep elf sorcerer
 10780 | Elf:3    | Got a brightly glowing tin ring
 10782 | Elf:3    | Identified the cursed ring "Yreun" {rPois Str-3 Dex-2 SInv Stlth+} (You took it off a deep elf demonologist on level 3 of the Elven Halls)
 11028 | Elf:3    | Identified the Compendium of Boosting Feathers
 11334 | Lair:1   | Entered Level 1 of the Lair of Beasts
 11400 | Lair:1   | Reached skill level 1 in Translocations
 11400 | Lair:1   | Reached XP level 16. HP: 153/153 MP: 21/21
 11654 | Lair:3   | Reached XP level 17. HP: 134/161 MP: 18/22
 11811 | Lair:4   | Found a staircase to the Swamp.
 11897 | Swamp:1  | Entered Level 1 of the Swamp
 12044 | Swamp:4  | Entered Level 4 of the Swamp
 12072 | Swamp:4  | Reached skill level 10 in Earth Magic
 12148 | Swamp:4  | Reached skill level 10 in Shields
 12211 | Swamp:4  | Noticed a bone dragon
 12217 | Swamp:4  | Killed a bone dragon
 12228 | Swamp:4  | Got a decaying rune of Zot
 12534 | Lair:5   | Reached skill level 5 in Spellcasting
 12801 | Lair:8   | Entered Level 8 of the Lair of Beasts
 12902 | Lair:8   | Found a burning altar of Makhleb.
 12930 | Lair:8   | Found a gateway to Hell.
 12934 | Lair:8   | Got a shimmering large shield
 12935 | Lair:8   | Identified the +12 large shield "Okonka" {+Blink rElec rC+ SInv} (You found it on level 8 of the Lair of Beasts)
 12992 | Lair:8   | Found a sacrificial altar of Ru.
 12998 | Lair:8   | Noticed Maud
 13006 | Lair:8   | Killed Maud
 13178 | Lair:7   | Found a shadowy altar of Dithmenos.
 13459 | Lair:4   | Found a staircase to the Snake Pit.
 13470 | Snake:1  | Entered Level 1 of the Snake Pit
 13479 | Snake:1  | Reached XP level 18. HP: 169/169 MP: 21/24
 13812 | Snake:2  | Got a brightly glowing cloak
 13823 | Snake:2  | Identified the +5 cloak "Fafity" {Str-3 Dex+6 SInv Stlth+} (You acquired it on level 2 of the Snake Pit)
 13974 | Snake:4  | Entered Level 4 of the Snake Pit
 14052 | Snake:4  | Reached skill level 14 in Shields
 14343 | Snake:4  | Reached skill level 15 in Shields
 14445 | Snake:4  | Got a serpentine rune of Zot
 14835 | Lair:8   | Reached XP level 19. HP: 176/176 MP: 18/25
 14845 | Lair:8   | Found a staircase to the Slime Pits.
 14845 | Lair:8   | Found a viscous altar of Jiyva.
 14895 | Slime:1  | Entered Level 1 of the Pits of Slime
 14936 | Slime:3  | Reached skill level 16 in Shields
 15003 | Slime:4  | Gained mutation: You occasionally shout uncontrollably at your foes. [a shining eye]
 15005 | Slime:4  | Gained mutation: You are very weak. (Str -4) [a shining eye]
 15023 | Slime:4  | Gained mutation: Your body sometimes deteriorates upon taking damage. [a shining eye]
 15023 | Slime:4  | Gained mutation: You are frail (-10% HP). [a shining eye]
 15024 | Slime:4  | Gained mutation: Scrolls take you a little longer to read. [a shining eye]
 15026 | Slime:4  | Gained mutation: You expend magic power (3 MP) to strengthen your wands. [a shining eye]
 15027 | Slime:4  | Gained mutation: Armour fits poorly on your strangely shaped body. [a shining eye]
 15027 | Slime:4  | Gained mutation: You tend to lose your temper in combat. [a shining eye]
 15030 | Slime:4  | Lost mutation: Your mind is acute. (Int +2) [a shining eye]
 15032 | Slime:4  | Lost mutation: You are very weak. (Str -4) [potion of cure mutation]
 15032 | Slime:4  | Lost mutation: Scrolls take you a little longer to read. [potion of cure mutation]
 15032 | Slime:4  | Lost mutation: Armour fits poorly on your strangely shaped body. [potion of cure mutation]
 15032 | Slime:4  | Lost mutation: You are frail (-10% HP). [potion of cure mutation]
 15033 | Slime:4  | Lost mutation: Your body sometimes deteriorates upon taking damage. [potion of cure mutation]
 15033 | Slime:4  | Lost mutation: You occasionally shout uncontrollably at your foes. [potion of cure mutation]
 15033 | Slime:4  | Lost mutation: You tend to lose your temper in combat. [potion of cure mutation]
 15033 | Slime:4  | Lost mutation: You are weak. (Str -2) [potion of cure mutation]
 15111 | Slime:6  | Entered Level 6 of the Pits of Slime
 15157 | Slime:6  | Gained mutation: Your magical capacity is low (-10% MP). [a shining eye]
 15253 | Slime:6  | Noticed the royal jelly
 15259 | Slime:6  | Killed the royal jelly
 15259 | Slime:6  | Reached skill level 17 in Shields
 15281 | Slime:6  | Gained mutation: You tend to lose your temper in combat. [a shining eye]
 15306 | Slime:6  | Got a crude granite ring
 15306 | Slime:6  | Got a slimy rune of Zot
 15307 | Slime:6  | Identified the ring of the Locust {Str+3 Int+4 Stlth+} (You found it on level 6 of the Pits of Slime)
 15350 | Slime:6  | Got a smoking golden ring
 15351 | Slime:6  | Identified the ring of Seadghug {Wiz +Fly rElec rC-} (You found it on level 6 of the Pits of Slime)
 15355 | Slime:6  | Got a twitching steel ring
 15357 | Slime:6  | Identified the ring "Xawehu" {rC+ MP+9} (You found it on level 6 of the Pits of Slime)
 15416 | Slime:6  | Got a scorched storm dragon armour
 15417 | Slime:6  | Identified the +9 storm dragon armour of the Onion {rElec rN+ Regen+} (You found it on level 6 of the Pits of Slime)
 15579 | Lair:6   | Lost mutation: You tend to lose your temper in combat. [potion of cure mutation]
 15579 | Lair:6   | Lost mutation: You expend magic power (3 MP) to strengthen your wands. [potion of cure mutation]
 15579 | Lair:6   | Lost mutation: You have sharp toenails. [potion of cure mutation]
 15867 | D:9      | umm
 15930 | D:13     | You fall through a shaft!
 15945 | D:14     | Killed Azrael
 15955 | D:14     | You fall through a shaft!
 15958 | D:15     | Noticed a six-headed hydra
 15958 | D:15     | Killed a six-headed hydra
 15962 | D:15     | Killed a seven-headed hydra
 15999 | D:15     | Bought a book of Spatial Translocations for 975 gold pieces
 16004 | D:15     | Learned a level 4 spell: Passage of Golubria
 16091 | D:13     | Noticed an eight-headed hydra
 16100 | D:13     | Killed a ten-headed hydra
 16130 | Vaults:1 | Entered Level 1 of the Vaults
 16218 | Vaults:2 | Reached skill level 18 in Shields
 16250 | Vaults:2 | Reached skill level 1 in Armour
 16272 | Vaults:2 | Reached XP level 20. HP: 185/185 MP: 24/24
 16329 | Vaults:2 | Found Caopsak's Armour Shoppe.
 16397 | Vaults:3 | Found a portal to a secret trove of treasure.
 16414 | Vaults:3 | Noticed Mennas
 16429 | Vaults:3 | Killed Mennas
 16514 | Vaults:3 | Found a shattered altar of Ashenzari.
 16670 | Vaults:5 | Entered Level 5 of the Vaults
 16672 | Vaults:5 | Noticed Xtahua
 16679 | Vaults:4 | Cast into the Abyss (vault guard)
 16706 | Abyss:2  | Found a corrupted altar of Lugonu.
 16774 | Abyss:4  | Got an abyssal rune of Zot
 16787 | Vaults:4 | Escaped the Abyss
 16839 | Vaults:5 | Reached skill level 5 in Armour
 16861 | Vaults:5 | Got a silver rune of Zot
 16990 | Vaults:5 | Reached skill level 15 in Unarmed Combat
 17013 | Vaults:5 | Got a wavering tin ring
 17027 | Vaults:5 | Identified the ring "Seomivih" {rElec rC+ MP+9} (You took it off a yaktaur captain on level 5 of the Vaults)
 17029 | Vaults:5 | Got a warped ivory ring
 17031 | Vaults:5 | Identified the cursed ring "Naurr" {rElec EV-2 Int-2 Dex+4 Stlth+} (You found it on level 5 of the Vaults)
 17098 | Vaults:5 | Killed Xtahua
 17111 | Vaults:5 | Noticed an ancient lich
 17215 | Vaults:5 | Reached XP level 21. HP: 195/195 MP: 24/24
 17247 | Vaults:5 | Killed an ancient lich
 17292 | Vaults:5 | Noticed an ancient lich
 17299 | Vaults:5 | Killed an ancient lich
 17306 | Vaults:5 | Reached skill level 10 in Fighting
 17341 | Vaults:5 | Cast into the Abyss (a deep elf sorcerer)
 17639 | Vaults:5 | Escaped the Abyss
 17724 | Vaults:5 | Reached skill level 10 in Dodging
 17768 | Vaults:5 | Got a vibrating wooden ring
 17769 | Vaults:5 | Identified the ring of the Hare {+Blink rF+ MR+ Int+7} (You took it off an orc on level 5 of the Vaults)
 17820 | Vaults:5 | Found Quseqadi's Distillery.
 17820 | Vaults:5 | Found Cufi's Distillery.
 17827 | Vaults:5 | Found Neulooc's Magic Scroll Shoppe.
 17827 | Vaults:5 | Found Kodir's Food Boutique.
 17834 | Vaults:5 | Found Ibadwes's Magic Scroll Boutique.
 17837 | Vaults:5 | Found Cifeul's Magic Scroll Shoppe.
 17845 | Vaults:5 | Found Beseig's Distillery.
 17850 | Vaults:5 | Bought a potion of heal wounds for 60 gold pieces
 17850 | Vaults:5 | Bought a potion of heal wounds for 60 gold pieces
 17850 | Vaults:5 | Bought a potion of heal wounds for 60 gold pieces
 17853 | Vaults:5 | Bought a scroll of teleportation for 39 gold pieces
 17853 | Vaults:5 | Bought a scroll of magic mapping for 45 gold pieces
 17853 | Vaults:5 | Bought a scroll of teleportation for 39 gold pieces
 17864 | Vaults:5 | Bought a scroll of magic mapping for 52 gold pieces
 17864 | Vaults:5 | Bought a scroll of magic mapping for 52 gold pieces
 17873 | Vaults:5 | Bought a scroll of teleportation for 51 gold pieces
 17873 | Vaults:5 | Bought a scroll of magic mapping for 59 gold pieces
 17873 | Vaults:5 | Bought a scroll of teleportation for 51 gold pieces
 17873 | Vaults:5 | Bought a scroll of recharging for 161 gold pieces
 17873 | Vaults:5 | Bought a scroll of fog for 34 gold pieces
 17893 | Vaults:5 | Bought a potion of heal wounds for 95 gold pieces
 17893 | Vaults:5 | Bought a potion of magic for 152 gold pieces
 17903 | Vaults:5 | Found Osyhar's Food Emporium.
 17904 | Vaults:5 | Bought a potion of heal wounds for 105 gold pieces
 17916 | Vaults:5 | Bought a potion of cure mutation for 420 gold pieces
 17916 | Vaults:5 | Bought a potion of curing for 36 gold pieces
 17916 | Vaults:5 | Bought a potion of curing for 36 gold pieces
 17932 | Vaults:5 | Bought a potion of curing for 57 gold pieces
 17932 | Vaults:5 | Bought a potion of curing for 57 gold pieces
 17932 | Vaults:5 | Bought a potion of cure mutation for 665 gold pieces
 18004 | Vaults:5 | Identified the Guide on the Supportive Voyage (You found it on level 5 of the Vaults)
 18139 | Vaults:4 | Noticed Saint Roka
 18141 | Vaults:4 | Killed Saint Roka
 18170 | Vaults:3 | Reached XP level 22. HP: 209/209 MP: 18/25
 18282 | Vaults:2 | Noticed a bone dragon
 18291 | Vaults:2 | Killed a bone dragon
 18293 | Vaults:2 | Found a staircase to the Crypt.
 18302 | Crypt:1  | Entered Level 1 of the Crypt
 18411 | Crypt:1  | Noticed a greater mummy
 18513 | Crypt:1  | You fall through a shaft!
 18570 | Crypt:2  | Reached skill level 10 in Armour
 18610 | Crypt:3  | Entered Level 3 of the Crypt
 18737 | Crypt:3  | Found a staircase to the Tomb.
 18743 | Crypt:3  | Found an ancient bone altar of Kikubaaqudgha.
 19112 | Crypt:3  | Noticed an ancient lich
 19112 | Crypt:3  | Killed an ancient lich
 19124 | Crypt:3  | Identified the Catalogue of Snow (You found it on level 3 of the Crypt)
 19236 | Crypt:3  | Reached skill level 5 in Translocations
 19318 | Tomb:1   | Entered Level 1 of the Tomb of the Ancients
 19542 | Tomb:2   | Noticed a greater mummy
 19542 | Tomb:2   | Noticed a greater mummy
 19542 | Tomb:2   | Noticed a greater mummy
 19551 | Tomb:2   | Noticed a greater mummy
 19734 | Tomb:3   | Entered Level 3 of the Tomb of the Ancients
 19765 | Tomb:3   | Reached XP level 23. HP: 217/217 MP: 22/26
 19858 | Tomb:3   | Noticed a greater mummy
 19880 | Tomb:3   | Noticed a greater mummy
 19905 | Tomb:2   | Killed a greater mummy
 19925 | Tomb:3   | Noticed a greater mummy
 19926 | Tomb:3   | Noticed a greater mummy
 19930 | Tomb:3   | Noticed a greater mummy
 19934 | Tomb:3   | Noticed an ancient lich
 19951 | Tomb:3   | Noticed a greater mummy
 19997 | Tomb:3   | Noticed a greater mummy
 20000 | Tomb:2   | Killed a greater mummy
 20009 | Tomb:3   | Noticed a greater mummy
 20013 | Tomb:2   | Killed a greater mummy
 20018 | Tomb:2   | Killed a greater mummy
 20062 | Tomb:2   | Killed a greater mummy
 20077 | Tomb:2   | Killed an ancient lich
 20080 | Tomb:2   | Killed a greater mummy
 20124 | Tomb:2   | Killed a greater mummy
 20171 | Tomb:3   | Killed a greater mummy
 20299 | Tomb:3   | Got a fine steel amulet
 20299 | Tomb:3   | Got a ring of the Octopus King
 20302 | Tomb:3   | Identified a ring of the Octopus King {AC+1 EV+1 Str+1 Int+1 Dex+1 Stlth+} (You found it on level 3 of the Tomb of the Ancients)
 20318 | Tomb:3   | Identified the amulet "Kehuc" {Spirit *Confuse rF- rN+++ Str+4} (You found it on level 3 of the Tomb of the Ancients)
 20372 | Tomb:3   | Got a golden rune of Zot
 20465 | Tomb:1   | Noticed a greater mummy
 20467 | Tomb:1   | Noticed a greater mummy
 20952 | D:15     | Found a staircase to the Depths.
 20960 | Depths:1 | Entered Level 1 of the Depths
 21068 | Depths:1 | Got a vibrating amber ring
 21070 | Depths:1 | Identified the ring of Relawik {Int+4 Dex+3 Slay-6} (You found it on level 1 of the Depths)
 21107 | Depths:1 | Reached XP level 24. HP: 228/228 MP: 27/28
 21187 | Depths:1 | Learned a level 8 spell: Death's Door
 21232 | Depths:1 | Found Buenejae's Assorted Antiques.
 21240 | Depths:1 | Bought a scroll of recharging for 266 gold pieces
 21240 | Depths:1 | Bought a scroll labeled LYHO LIUQIMUMI for 28 gold pieces
 21240 | Depths:1 | Bought a heavily runed hat for 252 gold pieces
 21240 | Depths:1 | Bought 3 scrolls of teleportation for 252 gold pieces
 21250 | Depths:1 | Identified the +0 hat of Paranoia {+Fly rN++ Regen+ Dex+2} (You bought it in a shop on level 1 of the Depths)
 21373 | Depths:2 | Reached skill level 10 in Translocations
 21452 | Depths:2 | Reached skill level 19 in Unarmed Combat
 21549 | Depths:2 | Noticed a juggernaut
 21556 | Depths:2 | Killed a juggernaut
 21664 | Depths:2 | Found a one-way gate leading to the halls of Pandemonium.
 21669 | Depths:2 | Found a gateway to a ziggurat.
 21678 | Zig:1    | Entered Level 1 of a ziggurat
 21694 | Zig:2    | Entered Level 2 of a ziggurat
 21710 | Zig:3    | Entered Level 3 of a ziggurat
 21736 | Zig:4    | Entered Level 4 of a ziggurat
 21764 | Zig:4    | Identified the Guide on Illusion (You found it on level 4 of a ziggurat)
 21767 | Zig:5    | Entered Level 5 of a ziggurat
 21829 | Zig:5    | Reached XP level 25. HP: 201/239 MP: 24/30
 21835 | Zig:6    | Entered Level 6 of a ziggurat
 21881 | Zig:7    | Entered Level 7 of a ziggurat
 21891 | Zig:7    | Reached skill level 5 in Evocations
 21928 | Zig:8    | Entered Level 8 of a ziggurat
 21997 | Zig:8    | Got a shimmering marble ring
 21997 | Zig:8    | Identified Sif Muna's Disquisition on Snow (You found it on level 8 of a ziggurat)
 21998 | Zig:8    | Identified the cursed ring "Yrheol" {rElec rPois Int-3 Slay+2} (You found it on level 8 of a ziggurat)
 22008 | Zig:9    | Entered Level 9 of a ziggurat
 22019 | Zig:9    | Noticed a juggernaut
 22023 | Zig:9    | Killed a juggernaut
 22039 | Zig:9    | Reached XP level 26. HP: 248/248 MP: 20/30
 22067 | Zig:10   | Entered Level 10 of a ziggurat
 22099 | Zig:10   | Reached skill level 5 in Necromancy
 22111 | Zig:10   | Noticed Zuprol the pandemonium lord
 22119 | Zig:10   | Killed Zuprol the pandemonium lord
 22141 | Zig:10   | Identified the Reference Book on Doomed Good Luck (You found it on level 10 of a ziggurat)
 22142 | Zig:10   | Reached skill level 20 in Unarmed Combat
 22142 | Zig:10   | Reached XP level 27. HP: 242/256 MP: 24/30
 22155 | Zig:11   | Entered Level 11 of a ziggurat
 22182 | Zig:11   | Gained mutation: You are frail (-10% HP). [a neqoxec]
 22183 | Zig:11   | Gained mutation: You are weak. (Str -2) [a neqoxec]
 22254 | Zig:11   | Identified a +5 rod of destruction (11/11) (You found it on level 11 of a ziggurat)
 22259 | Zig:12   | Entered Level 12 of a ziggurat
 22277 | Zig:12   | Noticed Nois the pandemonium lord
 22277 | Zig:12   | Noticed Xuum the pandemonium lord
 22286 | Zig:12   | Killed Nois the pandemonium lord
 22287 | Zig:12   | Noticed Kijooch the pandemonium lord
 22290 | Zig:12   | Killed Kijooch the pandemonium lord
 22292 | Zig:12   | Killed Xuum the pandemonium lord
 22309 | Zig:12   | Reached skill level 5 in Charms
 22349 | Zig:12   | Learned a level 5 spell: Phase Shift
 22353 | Zig:13   | Entered Level 13 of a ziggurat
 22453 | Zig:14   | Entered Level 14 of a ziggurat
 22642 | Zig:14   | Got a sparkling ivory ring
 22650 | Zig:14   | Identified the ring "Ugreth" {SustAt rC+} (You found it on level 14 of a ziggurat)
 22664 | Zig:15   | Entered Level 15 of a ziggurat
 22770 | Zig:15   | Identified the Volume of the Rocks and Confrontation (You found it on level 15 of a ziggurat)
 22781 | Zig:16   | Entered Level 16 of a ziggurat
 22929 | Zig:17   | Entered Level 17 of a ziggurat
 22934 | Zig:17   | Noticed Qeohor the pandemonium lord
 22939 | Zig:17   | Noticed Renkyseope the pandemonium lord
 22939 | Zig:17   | Noticed Seisool the pandemonium lord
 22945 | Zig:17   | Noticed Xefukh the pandemonium lord
 22948 | Zig:17   | Noticed Xiarruimp the pandemonium lord
 22949 | Zig:17   | Noticed Cenucibb the pandemonium lord
 22950 | Zig:17   | Killed Seisool the pandemonium lord
 22956 | Zig:17   | Killed Renkyseope the pandemonium lord
 22963 | Zig:17   | HP: 1/230 [Xiarruimp the pandemonium lord (15)]
 23097 | Pan      | Entered Pandemonium
 23112 | Pan      | Reached skill level 10 in Necromancy
 23199 | Pan      | Noticed Jocoradd the pandemonium lord
 23203 | Pan      | Killed Jocoradd the pandemonium lord
 23215 | Pan      | Reached skill level 10 in Evocations
 23297 | Pan      | Found an exit through the horrors of the Abyss.
 23371 | Pan      | Found an exit through the horrors of the Abyss.
 23485 | Pan      | Found an exit through the horrors of the Abyss.
 23617 | Pan      | Got a scorched marble ring
 23618 | Pan      | Identified the ring "Poedex Uvyom" {*Drain rElec rPois MR+ EV+5} (You found it in Pandemonium)
 23832 | Pan      | Noticed Cuynnig the pandemonium lord
 23843 | Pan      | Killed Cuynnig the pandemonium lord
 23844 | Pan      | Gained mutation: Potions and wands are less effective at restoring your health. [a neqoxec]
 23860 | Pan      | Lost mutation: Potions and wands are less effective at restoring your health. [potion of cure mutation]
 23860 | Pan      | Lost mutation: You have a pair of small horns on your head. [potion of cure mutation]
 23860 | Pan      | Lost mutation: Your magical capacity is low (-10% MP). [potion of cure mutation]
 23860 | Pan      | Lost mutation: You are weak. (Str -2) [potion of cure mutation]
 23860 | Pan      | Lost mutation: Your spells are a little easier to cast, but a little less powerful. [potion of cure mutation]
 23860 | Pan      | Lost mutation: You are frail (-10% HP). [potion of cure mutation]
 23936 | Pan      | Noticed Peastrisch the pandemonium lord
 23942 | Pan      | Killed Peastrisch the pandemonium lord
 23981 | Pan      | Found an exit through the horrors of the Abyss.
 24015 | Pan      | Reached skill level 10 in Charms
 24051 | Pan      | Noticed Jumoup the pandemonium lord
 24057 | Pan      | Killed Jumoup the pandemonium lord
 24198 | Pan      | Gained mutation: Your magical capacity is low (-10% MP). [a neqoxec]
 24234 | Pan      | Found an exit through the horrors of the Abyss.
 24328 | Pan      | Noticed Pejir the pandemonium lord
 24334 | Pan      | Gained mutation: You tend to lose your temper in combat. [a neqoxec]
 24343 | Pan      | Killed Pejir the pandemonium lord
 24403 | Pan      | Got a demonic rune of Zot
 24421 | Pan      | Entered the realm of Gloorx Vloq.
 24593 | Pan      | Noticed Gloorx Vloq
 24602 | Pan      | Killed Gloorx Vloq
 24613 | Pan      | Got a dark rune of Zot
 24737 | Pan      | Entered the realm of Cerebov.
 24874 | Pan      | Noticed Cerebov
 24878 | Pan      | Got a fiery rune of Zot
 24892 | Pan      | Found an exit through the horrors of the Abyss.
 25023 | Pan      | Found an exit through the horrors of the Abyss.
 25054 | Pan      | Gained mutation: You are dopey. (Int -2) [a neqoxec]
 25112 | Pan      | Noticed an ancient lich
 25120 | Pan      | Killed an ancient lich
 25217 | Pan      | Found a gateway to a ziggurat.
 25260 | Zig:1    | Entered Level 1 of a ziggurat
 25270 | Zig:2    | Entered Level 2 of a ziggurat
 25290 | Zig:2    | Got a shimmering iron ring
 25291 | Zig:2    | Identified the ring of Attitude {Wiz +Inv rPois rC- Int+2} (You found it on level 2 of a ziggurat)
 25294 | Zig:3    | Entered Level 3 of a ziggurat
 25303 | Zig:3    | Reached skill level 15 in Necromancy
 25321 | Zig:4    | Entered Level 4 of a ziggurat
 25531 | Pan      | Noticed Orphegege the pandemonium lord
 25536 | Pan      | Killed Orphegege the pandemonium lord
 25675 | Pan      | Entered the realm of Mnoleg.
 25692 | Pan      | Noticed Mnoleg
 25694 | Pan      | Got a glowing rune of Zot
 25694 | Pan      | Gained mutation: Your spells are a little easier to cast, but a little less powerful. [a cacodemon]
 25695 | Pan      | Gained mutation: Armour fits poorly on your strangely shaped body. [a cacodemon]
 25713 | Depths:2 | Escaped Pandemonium
 25715 | Pan      | Entered Pandemonium
 25715 | Pan      | Found a runed door.
 25715 | Pan      | Found a runed door.
 25720 | Pan      | Got a translucent pewter ring
 25722 | Pan      | Identified the ring "Rygymiaj" {rElec rPois SInv Stlth-} (You found it in Pandemonium)
 25728 | Pan      | Found a runed door.
 25733 | Pan      | Noticed Ywkuw the pandemonium lord
 25739 | Pan      | Killed Ywkuw the pandemonium lord
 25763 | Pan      | Found a runed door.
 25779 | Pan      | Noticed Fuaq Jymegyps the pandemonium lord
 25784 | Pan      | Found an exit through the horrors of the Abyss.
 25867 | Pan      | Killed Fuaq Jymegyps the pandemonium lord
 25913 | Pan      | Lost mutation: You are dopey. (Int -2) [potion of cure mutation]
 25913 | Pan      | Lost mutation: Your magical capacity is low (-10% MP). [potion of cure mutation]
 25913 | Pan      | Lost mutation: Armour fits poorly on your strangely shaped body. [potion of cure mutation]
 25926 | Pan      | Noticed Cerebov
 26076 | Pan      | Found an exit through the horrors of the Abyss.
 26117 | Pan      | Noticed Huuthrots the pandemonium lord
 26231 | Pan      | Found an exit through the horrors of the Abyss.
 26243 | Pan      | Gained mutation: You occasionally shout uncontrollably at your foes. [a cacodemon]
 26274 | Pan      | Lost mutation: You are partially covered in rough black scales (AC +4, Dex -1). [a cacodemon]
 26277 | Pan      | Gained mutation: You are clumsy. (Dex -2) [a cacodemon]
 26279 | Pan      | Gained mutation: You are occasionally teleported to nearby monsters. [a cacodemon]
 26309 | Pan      | Noticed Giod Fin the pandemonium lord
 26313 | Pan      | Killed Giod Fin the pandemonium lord
 26368 | Pan      | Entered the realm of Lom Lobon.
 26369 | Pan      | Lost mutation: You are clumsy. (Dex -2) [potion of cure mutation]
 26369 | Pan      | Lost mutation: You are occasionally teleported to nearby monsters. [potion of cure mutation]
 26369 | Pan      | Lost mutation: You tend to lose your temper in combat. [potion of cure mutation]
 26369 | Pan      | Lost mutation: You occasionally shout uncontrollably at your foes. [potion of cure mutation]
 26369 | Pan      | Lost mutation: Your spells are a little easier to cast, but a little less powerful. [potion of cure mutation]
 26404 | Pan      | Noticed Cerebov
 26426 | Pan      | Noticed Lom Lobon
 26429 | Pan      | Got a magical rune of Zot
 26431 | Pan      | Found an exit through the horrors of the Abyss.
 26432 | Pan      | Noticed Ignacio
 26442 | Pan      | Took an exit into the Abyss.
 26442 | Abyss:1  | Escaped into the Abyss
 26461 | Depths:2 | Escaped the Abyss
 26496 | Hell     | Entered the Vestibule of Hell
 26496 | Hell     | Noticed Geryon
 26573 | Hell     | Killed Geryon
 26585 | Hell     | Noticed Murray
 26593 | Hell     | Killed Murray
 26624 | Hell     | Found a gateway to the decaying netherworld of Tartarus.
 26632 | Tar:1    | Entered Level 1 of Tartarus
 26720 | Tar:5    | Reached skill level 15 in Charms
 26788 | Tar:7    | Entered Level 7 of Tartarus
 26947 | Tar:7    | Noticed Ereshkigal
 27008 | Tar:7    | Killed Ereshkigal
 27019 | Tar:7    | Got a bone rune of Zot
 27022 | Tar:7    | Identified the Volume of Creative Clay (You found it on level 7 of Tartarus)
 27025 | Tar:7    | Got a wavering marble ring
 27159 | Hell     | Found a gateway to the freezing wastes of Cocytus.
 27173 | Coc:1    | Entered Level 1 of Cocytus
 27303 | Coc:6    | fuck
 27331 | Coc:6    | Identified the ring of Qirr {-Tele +Inv +Fly rC+} (You found it on level 7 of Tartarus)
 27395 | Coc:7    | Entered Level 7 of Cocytus
 27555 | Coc:7    | Noticed Antaeus
 27557 | Coc:7    | Got an icy rune of Zot
 27677 | Hell     | Found a gateway to the ashen valley of Gehenna.
 27702 | Geh:1    | Entered Level 1 of Gehenna
 27902 | Geh:7    | Entered Level 7 of Gehenna
 27976 | Geh:7    | Noticed Asmodeus
 27988 | Geh:7    | Killed Asmodeus
 28020 | Geh:7    | Got a wavering marble ring
 28023 | Geh:7    | get some
 28042 | Geh:7    | Got an obsidian rune of Zot
 28045 | Geh:7    | Identified the ring of Wonder {rPois rF- MR+ Dex+4} (You found it on level 7 of Gehenna)
 28054 | Geh:7    | Identified the Incunabulum of Black Secrets (You found it on level 7 of Gehenna)
 28058 | Geh:7    | Identified Eklietzu's Almanac of Necromancy (You found it on level 7 of Gehenna)
 28270 | Hell     | Found a gateway to the Iron City of Dis.
 28276 | Dis:1    | Entered Level 1 of the Iron City of Dis
 28725 | Dis:7    | Entered Level 7 of the Iron City of Dis
 28865 | Dis:7    | Noticed Dispater
 28880 | Dis:7    | Killed Dispater
 28889 | Dis:7    | Got an iron rune of Zot
 28890 | Dis:7    | now got and win
 28890 | Dis:7    | that simple!
 29081 | Depths:4 | Reached skill level 21 in Shields
 29084 | Depths:5 | Entered Level 5 of the Depths
 29089 | Depths:5 | Noticed a juggernaut
 29147 | Depths:5 | Found a runed door.
 29158 | Depths:5 | Found a runed door.
 29182 | Depths:5 | Found a runed door.
 29191 | Depths:5 | Found a runed door.
 29191 | Depths:5 | Found a runed door.
 29246 | Depths:5 | Found a gate to the Realm of Zot.
 29255 | Zot:1    | Entered Level 1 of the Realm of Zot
 29278 | Zot:1    | Found a bloodstained altar of Trog.
 29338 | Zot:1    | Reached skill level 10 in Spellcasting
 29465 | Zot:5    | Entered Level 5 of the Realm of Zot
 29535 | Zot:5    | doors?
 29639 | Zot:5    | Noticed an orb of fire
 29639 | Zot:5    | Gained mutation: Your magical capacity is low (-10% MP). [an orb of fire]
 29645 | Zot:5    | Killed an orb of fire
 29647 | Zot:5    | Noticed an orb of fire
 29655 | Zot:5    | Killed an orb of fire
 29711 | Zot:5    | Got the Orb of Zot
 29714 | Zot:5    | Reached skill level 1 in Stealth
 29857 | Depths:5 | Killed a juggernaut
 29858 | Depths:5 | Found a runed door.
 30147 | D:1      | Noticed Zugiubri the pandemonium lord
 30147 | D:1      | Noticed an ancient lich
 30152 | D:1      | Killed Zugiubri the pandemonium lord
 30154 | D:1      | Killed an ancient lich
 30154 | D:1      | Reached skill level 5 in Stealth
 30179 | D:$      | Escaped with the Orb!

Action                   |  1- 3 |  4- 6 |  7- 9 | 10-12 | 13-15 | 16-18 | 19-21 | 22-24 | 25-27 || total
-------------------------+-------+-------+-------+-------+-------+-------+-------+-------+-------++-------
Melee: Unarmed           |    82 |    66 |   282 |   445 |  1203 |   871 |   751 |   956 |  2770 ||  7426
       Staff             |       |       |       |       |       |       |     2 |       |     9 ||    11
 Fire: Blowgun           |       |     6 |       |     7 |     2 |       |       |       |       ||    15
Throw: Large rock        |     3 |     2 |     3 |     8 |    39 |       |     3 |     3 |    12 ||    73
       Throwing net      |       |       |       |     3 |       |       |       |       |       ||     3
 Cast: Apportation       |       |       |       |       |    31 |    54 |    88 |    59 |    95 ||   327
       Regeneration      |       |       |       |       |     3 |    11 |    35 |    48 |    90 ||   187
       Statue Form       |       |       |       |       |     1 |    58 |    54 |    52 |   135 ||   300
       Stoneskin         |       |       |       |       |     1 |     8 |     7 |       |     5 ||    21
       Repel Missiles    |       |       |       |       |     1 |     1 |     6 |       |     1 ||     9
       Animate Skeleton  |       |       |       |       |       |    15 |    17 |    19 |    24 ||    75
       Blink             |       |       |       |       |       |       |     1 |       |     2 ||     3
       Passage of Golubr |       |       |       |       |       |       |    17 |    25 |   118 ||   160
       Death's Door      |       |       |       |       |       |       |       |       |     1 ||     1
Invok: Slouch            |       |       |       |     5 |    10 |     2 |     9 |     7 |    25 ||    58
       Temporal Distorti |       |       |       |       |     1 |     2 |     5 |     2 |     7 ||    17
 Abil: Evoke Teleportati |       |       |       |       |       |       |       |       |   200 ||   200
       Evoke Flight      |       |       |       |       |       |       |       |       |     2 ||     2
       Blink             |       |       |       |       |       |       |       |       |     1 ||     1
Evoke: Wand              |       |       |       |       |     6 |     7 |     4 |    15 |    32 ||    64
       Box of beasts     |       |       |       |       |       |     1 |     5 |       |       ||     6
       Lamp of fire      |       |       |       |       |       |     1 |       |       |       ||     1
       Deck              |       |       |       |       |       |     1 |     3 |       |       ||     4
       Staff of energy   |       |       |       |       |       |       |     1 |       |    55 ||    56
       Phantom mirror    |       |       |       |       |       |       |     1 |       |     1 ||     2
       Phial of floods   |       |       |       |       |       |       |       |       |     1 ||     1
  Use: Scroll            |     3 |     6 |     3 |     6 |    30 |    14 |    21 |    14 |    55 ||   152
       Potion            |       |     4 |       |     2 |    12 |     1 |     6 |     2 |    24 ||    51
 Stab: Sleeping          |     1 |     2 |     1 |     3 |     5 |     4 |     5 |       |    17 ||    38
       Held in net/web   |       |       |       |     1 |       |       |       |       |       ||     1
       Distracted        |       |       |       |       |     2 |       |     3 |       |     2 ||     7
       Paralysed         |       |       |       |       |       |       |       |       |     1 ||     1
  Eat: Chunk             |    11 |     4 |     9 |    18 |    47 |    47 |    25 |    25 |    43 ||   229
       Pizza             |       |       |       |       |     1 |       |     2 |     1 |     3 ||     7
       Fruit             |       |       |       |       |       |     5 |     3 |       |     7 ||    15
       Beef jerky        |       |       |       |       |       |       |     4 |     2 |     1 ||     7
       Bread ration      |       |       |       |       |       |       |     1 |       |     1 ||     2
       Royal jelly       |       |       |       |       |       |       |       |     3 |    13 ||    16
       Meat ration       |       |       |       |       |       |       |       |       |    15 ||    15
